3AAA
PURE MICHIGAN GREAT LAKERS @ VERMONT LAKE MONSTERS
07/27/2031
 
TOP OF THE 1ST
Pure Michigan Great Lakers batting - Pitching for Vermont Lake Monsters : RHP Gerry Fleck
Pitching: RHP Gerry Fleck
Batting: LHB Javier Reyes 0-0: Ball
1-0: Called Strike
1-1: Ground out U3 (Groundball, 34)
Batting: LHB César Muñóz 0-0: Ball
1-0: Ball
2-0: Ball
3-0: Base on Balls
Batting: LHB Gilberto Moreno 0-0: Called Strike
0-1: Foul Ball, location: 2F
0-2: Strikes out swinging
Batting: RHB Ramiro Gonzáles 0-0: Ball
1-0: Swinging Strike
1-1: Called Strike
1-2: Foul Ball, location: 2F
1-2: Ball
2-2: Strikes out looking
Top of the 1st over - 0 runs, 0 hits, 0 errors, 1 left on base; Pure Michigan 0 - Vermont 0
BOTTOM OF THE 1ST
Vermont Lake Monsters batting - Pitching for Pure Michigan Great Lakers : RHP Joseph Merle
Pitching: RHP Joseph Merle
Batting: SHB Robert La Caze 0-0: Ball
1-0: Foul Ball, location: 2F
1-1: Ball
2-1: Called Strike
2-2: Foul Ball, location: 2F
2-2: Foul Ball, location: 2F
2-2: DOUBLE (Line Drive, 9LM)
Batting: RHB Ramón Degollado 0-0: Called Strike
0-1: Foul Ball, location: 2F
0-2: Ball
1-2: Foul Ball, location: 2F
1-2: Ball
2-2: Fly out, F6 (Popup, 6)
Batting: RHB Kasper Schuilenberg 0-0: Ball
1-0: Ball
2-0: Ball
3-0: Called Strike
3-1: Swinging Strike
3-2: Base on Balls
Batting: RHB Juan Pedraza 0-0: Ball
1-0: Fly out, F8 (Flyball, 8RD)
Batting: LHB Gilberto Jiménez 0-0: Ball
1-0: Called Strike
1-1: Fly out, F8 (Line Drive, 8RM)
Bottom of the 1st over - 0 runs, 1 hit, 0 errors, 2 left on base; Pure Michigan 0 - Vermont 0
TOP OF THE 2ND
Pure Michigan Great Lakers batting - Pitching for Vermont Lake Monsters : RHP Gerry Fleck
Batting: SHB Tony Gutiérrez 0-0: Ball
1-0: Fly out, F6 (Flyball, 6MD)
Batting: LHB Yin-reng Hsueh 0-0: Swinging Strike
0-1: Ground out 4-3 (Groundball, 4)
Batting: RHB Luis Aragón 0-0: Ball
1-0: Ball
2-0: Called Strike
2-1: Fly out, F6 (Popup, 6)
Top of the 2nd over - 0 runs, 0 hits, 0 errors, 0 left on base; Pure Michigan 0 - Vermont 0
BOTTOM OF THE 2ND
Vermont Lake Monsters batting - Pitching for Pure Michigan Great Lakers : RHP Joseph Merle
Batting: RHB José Vázquez 0-0: Ball
1-0: Fly out, F6 (Line Drive, 6)
Batting: RHB Barkley B. Cooltimes 0-0: Ball
1-0: Ground out 5-3 (Groundball, 5)
Batting: RHB Zelmar Barajas 0-0: Ground out 4-3 (Groundball, 4)
Bottom of the 2nd over - 0 runs, 0 hits, 0 errors, 0 left on base; Pure Michigan 0 - Vermont 0
TOP OF THE 3RD
Pure Michigan Great Lakers batting - Pitching for Vermont Lake Monsters : RHP Gerry Fleck
Batting: RHB Hamilton Swan 0-0: Fly out, F7 (Line Drive, 7)
Batting: RHB Turner Buccigross 0-0: Ball
1-0: Swinging Strike
1-1: Ball
2-1: Ball
3-1: Called Strike
3-2: Ground out 5-3 (Groundball, 56)
Batting: LHB Javier Reyes 0-0: Called Strike
0-1: Called Strike
0-2: Ground out 1-3 (Groundball, 13S)
Top of the 3rd over - 0 runs, 0 hits, 0 errors, 0 left on base; Pure Michigan 0 - Vermont 0
BOTTOM OF THE 3RD
Vermont Lake Monsters batting - Pitching for Pure Michigan Great Lakers : RHP Joseph Merle
Batting: LHB Manuel Núñez 0-0: Ball
1-0: Ball
2-0: Called Strike
2-1: SINGLE (Line Drive, 4M)
Batting: SHB Robert La Caze 0-0: Ball
1-0: Called Strike
1-1: Ball
2-1: Fly out, F9 (Flyball, 89M)
Batting: RHB Ramón Degollado 0-0: SINGLE (Groundball, 6D)
Manuel Núñez to second
Batting: RHB Kasper Schuilenberg 0-0: Ball
1-0: SINGLE (Groundball, 34D)
Manuel Núñez to third
Ramón Degollado to second
Runner from 3rd tries for Home, SAFE, no throw
Batting: RHB Juan Pedraza 0-0: TRIPLE (Line Drive, 78XD)
Ramón Degollado scores
Kasper Schuilenberg scores
Batting: LHB Gilberto Jiménez 0-0: Foul Ball, location: 2F
0-1: Swinging Strike
0-2: Ball
1-2: Ball
2-2: Ball
3-2: Foul Ball, location: 2F
3-2: SINGLE (Groundball, 34D)
Juan Pedraza scores
Batting: RHB José Vázquez 0-0: Ball
1-0: Ball
2-0: Called Strike
2-1: Fly out, F8 (Flyball, 8LD)
Batting: RHB Barkley B. Cooltimes 0-0: SINGLE (Line Drive, 4D)
Gilberto Jiménez to second
Batting: RHB Zelmar Barajas 0-0: Ball
1-0: Foul Ball, location: 2F
1-1: Foul Ball, location: 2F
1-2: Ball
2-2: DOUBLE (Line Drive, 9LS)
Gilberto Jiménez scores
Barkley B. Cooltimes to third
Runner from 3rd tries for Home, SAFE, no throw
Batting: LHB Manuel Núñez 0-0: Ball
1-0: Ball
2-0: Foul Ball, location: 2F
2-1: Foul Ball, location: 2F
2-2: Ground out U3 (Groundball, 3)
Bottom of the 3rd over - 6 runs, 7 hits, 0 errors, 1 left on base; Pure Michigan 0 - Vermont 6
TOP OF THE 4TH
Pure Michigan Great Lakers batting - Pitching for Vermont Lake Monsters : RHP Gerry Fleck
Batting: LHB César Muñóz 0-0: Ball
1-0: Ball
2-0: Ball
3-0: Called Strike
3-1: Foul Ball, location: 2F
3-2: Ground out 4-3 (Groundball, 34)
Batting: LHB Gilberto Moreno 0-0: Swinging Strike
0-1: Hit by Pitch
Batting: RHB Ramiro Gonzáles 0-0: Called Strike
0-1: Called Strike
0-2: Ball
1-2: Strikes out swinging
Batting: SHB Tony Gutiérrez 0-0: Ball
1-0: Called Strike
1-1: Fly out, F9 (Flyball, 9)
Top of the 4th over - 0 runs, 0 hits, 0 errors, 1 left on base; Pure Michigan 0 - Vermont 6
BOTTOM OF THE 4TH
Vermont Lake Monsters batting - Pitching for Pure Michigan Great Lakers : RHP Joseph Merle
Batting: SHB Robert La Caze 0-0: Ball
1-0: Fly out, F7 (Flyball, 7D)
Batting: RHB Ramón Degollado 0-0: Ball
1-0: Ball
2-0: Called Strike
2-1: Fly out, F7 (Line Drive, 7LD)
Batting: RHB Kasper Schuilenberg 0-0: Ground out 3-1 (Groundball, 3S)
Bottom of the 4th over - 0 runs, 0 hits, 0 errors, 0 left on base; Pure Michigan 0 - Vermont 6
TOP OF THE 5TH
Pure Michigan Great Lakers batting - Pitching for Vermont Lake Monsters : RHP Gerry Fleck
Batting: LHB Yin-reng Hsueh 0-0: Ball
1-0: SINGLE (Groundball, 4S) (infield hit)
Batting: RHB Luis Aragón 0-0: Fielders Choice at 2nd, 5-4 (Groundball, 56)
Batting: RHB Hamilton Swan 0-0: Ball
1-0: Foul Ball, location: 2F
1-1: Foul Ball, location: 2F
1-2: Grounds into double play, 5-4-3 (Groundball, 56)
Top of the 5th over - 0 runs, 1 hit, 0 errors, 0 left on base; Pure Michigan 0 - Vermont 6
BOTTOM OF THE 5TH
Vermont Lake Monsters batting - Pitching for Pure Michigan Great Lakers : RHP Joseph Merle
Batting: RHB Juan Pedraza 0-0: Swinging Strike
0-1: Foul Ball, location: 2F
0-2: Ball
1-2: Strikes out swinging
Batting: LHB Gilberto Jiménez 0-0: Ball
1-0: Called Strike
1-1: Ground out U3 (Groundball, 3)
Batting: RHB José Vázquez 0-0: Called Strike
0-1: Ball
1-1: Swinging Strike
1-2: Strikes out swinging
Bottom of the 5th over - 0 runs, 0 hits, 0 errors, 0 left on base; Pure Michigan 0 - Vermont 6
TOP OF THE 6TH
Pure Michigan Great Lakers batting - Pitching for Vermont Lake Monsters : RHP Gerry Fleck
Batting: RHB Turner Buccigross 0-0: Called Strike
0-1: Called Strike
0-2: Ball
1-2: Strikes out swinging
Batting: LHB Javier Reyes 0-0: Ball
1-0: Swinging Strike
1-1: Called Strike
1-2: Ball
2-2: Foul Ball, location: 2F
2-2: Ground out 4-3 (Groundball, 4)
Batting: LHB César Muñóz 0-0: Called Strike
0-1: Swinging Strike
0-2: Ball
1-2: Ball
2-2: Ground out 4-3 (Groundball, 4S)
Top of the 6th over - 0 runs, 0 hits, 0 errors, 0 left on base; Pure Michigan 0 - Vermont 6
BOTTOM OF THE 6TH
Vermont Lake Monsters batting - Pitching for Pure Michigan Great Lakers : RHP Joseph Merle
Pitching: LHP Juan Soto
Batting: RHB Barkley B. Cooltimes 0-0: Called Strike
0-1: Ball
1-1: Ball
2-1: SINGLE (Line Drive, 6M)
Batting: RHB Zelmar Barajas 0-0: Ball
1-0: Fly out, F9 (Flyball, 9S)
Batting: LHB Manuel Núñez 0-0: Ball
1-0: Called Strike
1-1: Fielders Choice at 2nd, 4-6 (Groundball, 4)
Batting: SHB Robert La Caze 0-0: Swinging Strike
0-1: Ball
1-1: Ground out U3 (Groundball, 3S)
Bottom of the 6th over - 0 runs, 1 hit, 0 errors, 1 left on base; Pure Michigan 0 - Vermont 6
TOP OF THE 7TH
Pure Michigan Great Lakers batting - Pitching for Vermont Lake Monsters : RHP Gerry Fleck
Batting: LHB Gilberto Moreno 0-0: Ball
1-0: Ball
2-0: Foul Ball, location: 2F
2-1: Fly out, F6 (Line Drive, 4M)
Batting: RHB Ramiro Gonzáles 0-0: Fly out, F7 (Flyball, 7LSF)
Batting: SHB Tony Gutiérrez 0-0: Ball
1-0: Foul Ball, location: 2F
1-1: Ground out 6-3 (Groundball, 6)
Top of the 7th over - 0 runs, 0 hits, 0 errors, 0 left on base; Pure Michigan 0 - Vermont 6
BOTTOM OF THE 7TH
Vermont Lake Monsters batting - Pitching for Pure Michigan Great Lakers : LHP Juan Soto
Batting: RHB Ramón Degollado 0-0: Called Strike
0-1: Called Strike
0-2: Fly out, F8 (Flyball, 8LM)
Batting: RHB Kasper Schuilenberg 0-0: Foul Ball, location: 2F
0-1: Swinging Strike
0-2: Strikes out looking
Batting: RHB Juan Pedraza 0-0: SINGLE (Flyball, 89S)
Batting: LHB Gilberto Jiménez 0-0: Ball
1-0: Ball
2-0: Ball
3-0: Swinging Strike
3-1: Called Strike
3-2: Strikes out looking
Bottom of the 7th over - 0 runs, 1 hit, 0 errors, 1 left on base; Pure Michigan 0 - Vermont 6
TOP OF THE 8TH
Pure Michigan Great Lakers batting - Pitching for Vermont Lake Monsters : RHP Gerry Fleck
Now at 1B: Brad Tillman
Now at SS: Cosmo Castanhedo
Batting: LHB Yin-reng Hsueh 0-0: Swinging Strike
0-1: Ball
1-1: Called Strike
1-2: SINGLE (Line Drive, 8LS)
Batting: RHB Luis Aragón 0-0: Ball
1-0: Ball
2-0: Called Strike
2-1: Ball
3-1: Fly out, F8 (Flyball, 8RM)
Batting: RHB Hamilton Swan 0-0: Foul Ball, location: 2F
0-1: Ball
1-1: Grounds into double play, 4-6-3 (Groundball, 4D)
Top of the 8th over - 0 runs, 1 hit, 0 errors, 0 left on base; Pure Michigan 0 - Vermont 6
BOTTOM OF THE 8TH
Vermont Lake Monsters batting - Pitching for Pure Michigan Great Lakers : LHP Juan Soto
Batting: RHB José Vázquez 0-0: Hit by Pitch
Pinch Runner at 1st Janghyun Sam:
Batting: RHB Barkley B. Cooltimes 0-0: Ball
1-0: Fly out, F8 (Flyball, 8LS)
Batting: RHB Zelmar Barajas 0-0: Called Strike
0-1: Fly out, F5 (Line Drive, 56)
Batting: LHB Manuel Núñez 0-0: Called Strike
0-1: Ball
1-1: Ball
2-1: SINGLE (Line Drive, 34D)
Janghyun Sam to second
Runner from 2nd tries for 3rd, SAFE, throw made to third
Batting: SHB Robert La Caze 0-0: Ball
1-0: Ball
2-0: Ball
3-0: Called Strike
3-1: Swinging Strike
3-2: Strikes out swinging
Bottom of the 8th over - 0 runs, 1 hit, 0 errors, 2 left on base; Pure Michigan 0 - Vermont 6
TOP OF THE 9TH
Pure Michigan Great Lakers batting - Pitching for Vermont Lake Monsters : RHP Gerry Fleck
Now at 2B: Janghyun Sam
Batting: RHB Turner Buccigross 0-0: Foul Ball, location: 2F
0-1: Fly out, F6 (Line Drive, 56)
Batting: LHB Javier Reyes 0-0: Called Strike
0-1: Ball
1-1: Called Strike
1-2: Foul Ball, location: 2F
1-2: Ball
2-2: Ground out 3-1 (Groundball, 23)
Batting: LHB César Muñóz 0-0: Ball
1-0: Ball
2-0: Called Strike
2-1: Ground out 4-3 (Groundball, 34D)
Top of the 9th over - 0 runs, 0 hits, 0 errors, 0 left on base; Pure Michigan 0 - Vermont 6
Tuesday, June 12th, 2018 - OOTP Baseball 18.8 Build 76